 Dungeon Crawl Stone Soup version 0.32-a0-18-g89e19f1974 (webtiles) character file.

Game seed: 17533782249730544245

26 runemasterragnar the Ruffian (level 2, 0/25 HPs)
             Began as a Minotaur Shapeshifter on Jan 17, 2024.
             Slain by a rat (2 damage)
             ... on level 1 of the Dungeon.
             The game lasted 00:00:26 (150 turns).

runemasterragnar the Ruffian (Minotaur Shapeshifter) Turns: 150, Time: 00:00:26

Health: 0/25       AC:  2    Str: 18    XL:     2   Next: 89%
Magic:  1/1        EV: 12    Int:  7    God:
Gold:   0          SH:  0    Dex:  9    Spells: 1/1 levels left

rFire   . .          .
                       - Unarmed
rCold   . . .        (no shield)
rNeg    . . .        a - +0 animal skin
rPois   .            (helmet currently unavailable)
rElec   .            (cloak currently unavailable)
rCorr   .            (gloves currently unavailable)
SInv    .            (boots currently unavailable)
Will    .....        (no amulet)
Stlth   +            (no ring)
HPRegen 0.24/turn    (no ring)
MPRegen 0.07/turn

%: no passive effects
@: beast-form
A: beast (slay +1), horns 2, retaliatory headbutt
a: Begin Untransformation


You were on level 1 of the Dungeon.
You were a hulking beast.
You visited 1 branch of the dungeon, and saw 2 of its levels.

Inventory:

Missiles
 g - 2 throwing nets (quivered)
Armour
 a - a +0 animal skin (worn)
Talismans
 c - a beast talisman
 d - a flux talisman
Scrolls
 f - a scroll of silence {unknown}
Potions
 b - a potion of lignification
 e - a potion of degeneration {unknown}


   Skills:
 * Level 2.4 Fighting
 - Level 2.1 Dodging
 * Level 3.8 Unarmed Combat
 + Level 2.6 Shapeshifting


You had one spell level left.
You didn't know any spells.
Your spell library was empty.

Dungeon Overview and Level Annotations

Branches:
Dungeon (2/15)

Altars:
Dithmenos


Innate Abilities, Weirdness & Mutations

You are a hulking beast.
Your limbs bulge with bestial killing power. (Slay +1)
You have a pair of horns on your head.
You reflexively headbutt those who attack you in melee.


Message History

You are too injured to fight recklessly!
You are too injured to fight recklessly!
You are too injured to fight recklessly!
There are monsters nearby!
You are too injured to fight recklessly!
You hit the kobold.
The kobold is moderately wounded.
The kobold barely misses you.
You miss the kobold.
The kobold is moderately wounded.
The dart slug launches a dart at you. The slug dart hits you.
The kobold hits you but does no damage.
You miss the kobold. Your headbutt misses the kobold.
The kobold is moderately wounded.
The kobold hits you but does no damage.
You barely miss the kobold. Your headbutt misses the kobold.
The kobold is moderately wounded.
The dart slug launches a dart at you. The slug dart hits you.
* * * LOW HITPOINT WARNING * * *
The kobold hits you but does no damage.
Unknown command.
You hit the kobold.
You kill the kobold!
The dart slug bites you.
* * * LOW HITPOINT WARNING * * *
The rat bites you but does no damage. The rat bites you.
* * * LOW HITPOINT WARNING * * *
Things that are here:
a +0 dagger; 4 stones; a kobold corpse You hit the dart slug.
You headbutt the dart slug, but do no damage.
The dart slug is heavily wounded.
The dart slug closely misses you. The rat bites you.
* * * LOW HITPOINT WARNING * * *
You hit the dart slug. You headbutt the dart slug.
You kill the dart slug!
You closely miss the rat. The rat bites you.
You die...

...........
..........
..........
......... .
......... ...
#........
.♣...####r.......
........>h.......
.♣#......†.......
#..............
♣...............
#####......#####
+......# #......#
#... .......#
#... ###...###


You could see a rat.

Vanquished Creatures
  An adder (D:2)
  2 dart slugs (D:1)
  3 bats
  2 endoplasms (D:2)
  A goblin (D:1)
  A quokka (D:1)
  2 frilled lizards (D:2)
  2 kobolds (D:1)
14 creatures vanquished.

Notes
Turn   | Place    | Note
-------+----------+-------------------------------------------
     0 | D:1      | runemasterragnar the Minotaur Shapeshifter began the quest
                  | for the Orb.
     0 | D:1      | Reached XP level 1. HP: 16/16 MP: 0/0
    26 | D:1      | You fall into a shaft and drop 1 floor!
    65 | D:2      | Reached XP level 2. HP: 24/24 MP: 1/1
    96 | D:2      | Found a shadowy altar of Dithmenos.
   150 | D:1      | Slain by a rat

Illustrated notes

Levels and vault maps discovered:
D:1:      minmay_arrival_cross, layout_basic, shapermc_ecumenical_altar_pompeii,
          serial_forest, infiniplex_forest_straight_4,
          infiniplex_forest_zigzag_2, infiniplex_forest_clump_small,
          infiniplex_forest_lined_room_
D:2:      layout_basic, basic_altar

Skill      XL: |  1 |
---------------+----+-----
Fighting       | 2 |  2.4
Dodging        | |  2.1
Unarmed Combat | |  3.8
Shapeshifting  | |  2.6

Action                     || total
---------------------------++-------
  Melee: Unarmed           ||    30
         Headbutt          ||     4
 Armour: Animal skin       ||    22
  Dodge: Dodged            ||    21

Table legend: (Time is in decaauts)
 A = Elapsed time spent in this place.
 B = Non-inter-level travel time spent in this place.
 C = Inter-level travel time spent in this place.
 D = Time resting spent in this place.
 E = Time spent auto-exploring this place.
 F = Levels seen in this place.
 G = Mean time per level.
                   A        B        C        D        E       F      G
               +--------+--------+--------+--------+--------+-----+--------+
         Total |    147 |    147 |      0 |      0 |     90 |   2 |   73.5 |
       Dungeon |    147 |    147 |      0 |      0 |     90 |   2 |   73.5 |
               +--------+--------+--------+--------+--------+-----+--------+

Top non-repeatable levels by time:
     D:2: 107 daAuts
     D:1: 39 daAuts
